 Dungeon Crawl Stone Soup version 0.23-a0-13-gb09bef45d9 (webtiles) character file.

3843 IcyTea the Destroyer (level 9, -1/62 HPs)
             Began as a Green Draconian Fire Elementalist on Aug 2, 2018.
             Was an Elder of Vehumet.
             Killed from afar by an orc warrior (5 damage)
             ... with a wand of acid (5)
             ... in a bailey.
             The game lasted 00:38:20 (7035 turns).

IcyTea the Destroyer (DrFE)                         Turns: 7035, Time: 00:38:21

Health: -1/62      AC: 11    Str: 12    XL:     9   Next: 98%
Magic:  14/14      EV: 12    Int: 18    God:    Vehumet [****..]
Gold:   1098       SH:  0    Dex: 11    Spells: 3/15 levels left

rFire    + . .     SeeInvis .   a - +5 dagger
rCold    . . .     Gourm    .   (no shield)
rNeg     . . .     Faith    .   (armour unavailable)
rPois    +         Spirit   .   (helmet restricted)
rElec    .         Reflect  .   (no cloak)
rCorr    .         Harm     .   f - +0 pair of gloves
MR       .....                  w - +2 pair of boots {Fly}
Stlth    ++........             p - amulet of regeneration
HPRegen  0.60/turn              u - ring of wizardry
MPRegen  0.14/turn              i - ring of protection from fire

@: short of breath, flying
A: breathe noxious fumes, unfitting armour, poison resistance, cold-blooded, AC
+7
a: Breathe Noxious Fumes, Renounce Religion


You were in a bailey.
You worshipped Vehumet.
Vehumet was greatly pleased with you.
You were very hungry.

You visited 1 branch of the dungeon, and saw 9 of its levels.
You also visited: Bailey.

You collected 1098 gold pieces.

Inventory:

Hand Weapons
 a - a +5 dagger (weapon)
 o - a +0 rapier
 G - the +6 dagger "Wuych" {venom, *Rage rElec rN+ Stlth+}
   (You found it in a bailey)

   It poisons the flesh of those it strikes.
   It insulates you from electricity.
   It protects you from negative energy.
   It may make you go berserk in combat.
   It makes you more stealthy.
Missiles
 y - 87 arrows
Armour
 f - a +0 pair of gloves (worn)
 w - a +2 pair of boots of flying (worn)
Jewellery
 i - a ring of protection from fire (right hand)
 n - an uncursed ring of protection from cold
 p - an amulet of regeneration (around neck)
 q - a +2 ring of protection
 u - a ring of wizardry (left hand)
Wands
 m - a wand of enslavement (9)
 t - a wand of paralysis (14)
 z - a wand of acid (10)
Scrolls
 c - a scroll of fear
 d - 4 scrolls of identify
 g - 4 scrolls of enchant weapon
 h - a scroll of holy word
 j - a scroll of amnesia
 k - 3 scrolls of teleportation
 l - 2 scrolls of immolation
 r - 3 scrolls of fog
 s - 2 scrolls of remove curse
 B - 2 scrolls of enchant armour
 F - a scroll of blinking
Potions
 e - 2 potions of curing
 v - a potion of haste
 x - a potion of cancellation
 D - a potion of mutation {unknown}
 E - 2 potions of flight
Comestibles
 b - 16 rations


   Skills:
 - Level 8.1 Short Blades
 - Level 1.7 Dodging
 - Level 1.7 Stealth
 + Level 3.5 Spellcasting
 - Level 9.8 Conjurations
 - Level 5.4 Fire Magic
 - Level 3.0 Evocations


You had 3 spell levels left.
You knew the following spells:

 Your Spells              Type           Power        Failure   Level  Hunger
a - Flame Tongue          Conj/Fire      ####.        1%          1    None
b - Conjure Flame         Conj/Fire      ####....     1%          3    ###....
c - Magic Dart            Conj           ####         1%          1    None
d - Fireball              Conj/Fire      ####......   2%          5    ######.
e - Throw Frost           Conj/Ice       ###...       1%          2    ##.....

Your spell library contained the following spells:

 Spells                   Type           Power        Failure   Level  Hunger
 Throw Flame              Conj/Fire      ####..       1%          2    ##.....
 Sticky Flame             Conj/Fire      ####....     1%          4    ####...
 Inner Flame              Hex/Fire       ##......     1%          3    ###....


Dungeon Overview and Level Annotations

Branches:
Dungeon (9/15)             Temple (0/1) D:6
   Lair: D:8-11         Orc: D:9-12

Altars:
Dithmenos
Kikubaaqudgha
Okawaru
Trog
Uskayaw
Vehumet
Wu Jian
Xom

Shops:
D:5 =


Innate Abilities, Weirdness & Mutations

You can breathe blasts of noxious fumes.
Your lurid green scales are hard. (AC +7)
You cannot fit into any form of body armour.
Your system is resistant to poisons. (rPois)
You are cold-blooded and may be slowed by cold attacks.


Message History

The orc warrior hits you with a broad axe.
The orc warrior zaps a wand.
The bolt of acid hits you!
You are splashed with acid!
The acid burns!
* * * LOW HITPOINT WARNING * * *
Things that are here:
a hand axe; a glowing leather armour It was a potion of flight.
You feel more buoyant.
You feel better.
You are no longer corroded.
It was a potion of magic.
Magic courses through your body.
The orc warrior hits you with a broad axe!
* * * LOW HITPOINT WARNING * * *
Press: ? - help, Shift-Dir - straight line, p - orc warrior You exhale a blast of noxious fumes.
The blast of choking fumes misses the orc warrior.
You are feeling very hungry.
The orc warrior is engulfed in noxious fumes.
The orc warrior zaps a wand.
The bolt of acid hits you!
You die...

############ ##..#......)∩
#.....###...#
#############.###########
####.......)o§§............#
##..........@#########.......
##.........#'## ######).
#.....⌠....#..# #..# #o[
##.....).###..# #..# #.(
#######.(...#)'..####'####..'


#gK ≈≈≈≈≈#.(..)(###.....K.......###og ≈≈≈≈≈≈≈≈≈)....#..####'####..#()≈≈
###≈≈≈≈≈≈≈≈≈≈.####.......####≈≈≈≈ # ###.....≈≈≈≈≈≈∩#.......#∩≈≈≈≈≈# You could
see an orc warrior.

Vanquished Creatures
  3 hippogriffs
  Sigmund (D:2)
  Eustachio (D:4)
  Duvessa (D:4)
  An ice beast (D:5)
  2 phantoms
  3 orc warriors
  2 sky beasts (D:8)
  2 necrophages
  An ogre (D:4)
  2 centaurs
  A big kobold (D:8)
  2 bullfrogs (D:9)
  A water moccasin zombie (D:8)
  Dowan (D:4)
  4 scorpions
  4 killer bees (D:8)
  A howler monkey (D:5)
  A crimson imp (D:7)
  2 jellies
  2 bullfrog skeletons
  5 hounds
  4 orc priests
  2 centaur skeletons (D:5)
  Jessica (D:2)
  Natasha (D:4)
  An iguana (D:8)
  5 orc wizards
  3 worker ants
  A hound zombie (D:7)
  A howler monkey skeleton (D:5)
  8 adders
  9 gnolls
  2 adder zombies
  4 worms
  3 dart slugs
  5 leopard geckos
  33 orcs
  12 bats
  2 giant cockroaches
  12 goblins
  9 hobgoblins
  12 jackals
  22 kobolds
  3 quokkas
  8 frilled lizards
  A leopard gecko skeleton (D:5)
  A quokka skeleton (D:8)
  A quokka zombie (D:5)
  12 rats
221 creatures vanquished.

Notes
Turn   | Place    | Note
-------+----------+-------------------------------------------
     0 | D:1      | IcyTea the Draconian Fire Elementalist began the quest for the Orb.
     0 | D:1      | Reached XP level 1. HP: 14/14 MP: 3/3
   208 | D:1      | Reached skill level 2 in Conjurations
   216 | D:1      | Reached XP level 2. HP: 16/20 MP: 0/5
   505 | D:1      | Reached skill level 3 in Conjurations
   564 | D:1      | Reached XP level 3. HP: 26/26 MP: 6/6
   849 | D:2      | Learned a level 3 spell: Conjure Flame
   895 | D:2      | Noticed Jessica
   899 | D:2      | Killed Jessica
   899 | D:2      | Reached skill level 4 in Conjurations
   899 | D:2      | Reached XP level 4. HP: 33/33 MP: 4/7
   917 | D:2      | Noticed Sigmund
   950 | D:2      | Killed Sigmund
   950 | D:2      | Reached skill level 5 in Conjurations
   950 | D:2      | Reached XP level 5. HP: 25/38 MP: 1/8
  1099 | D:2      | Found a radiant altar of Vehumet.
  1103 | D:2      | Became a worshipper of Vehumet
  1377 | D:2      | Noticed a moth of wrath
  1379 | D:2      | Found a bloodstained altar of Trog.
  1408 | D:2      | Reached skill level 6 in Conjurations
  1698 | D:3      | Reached XP level 6. HP: 42/45 MP: 9/9
  2147 | D:3      | Reached * piety under Vehumet
  2147 | D:3      | Offered knowledge of Magic Dart by Vehumet.
  2150 | D:3      | Learned a level 1 spell: Magic Dart
  2511 | D:4      | Noticed Eustachio
  2523 | D:4      | Noticed Dowan
  2525 | D:4      | Killed Eustachio
  2535 | D:4      | Killed Dowan
  2535 | D:4      | Your scales start taking on a lurid green colour.
  2535 | D:4      | Reached XP level 7. HP: 26/50 MP: 1/11
  2535 | D:4      | Gained mutation: Your system is resistant to poisons. (rPois) [Green Draconian growth]
  2600 | D:4      | Noticed Duvessa
  2635 | D:4      | Killed Duvessa
  2858 | D:4      | Reached skill level 5 in Short Blades
  3185 | D:4      | Learned a level 5 spell: Fireball
  3342 | D:4      | Noticed Natasha
  3359 | D:4      | Killed Natasha
  3359 | D:4      | Reached XP level 8. HP: 55/57 MP: 0/12
  3667 | D:5      | Entered Level 5 of the Dungeon
  3696 | D:5      | Found Xato Leka's Jewellery Shop.
  3859 | D:5      | Reached ** piety under Vehumet
  3859 | D:5      | Offered knowledge of Shock by Vehumet.
  4050 | D:5      | Found an iron altar of Okawaru.
  4051 | D:5      | Found a hide-covered altar of Uskayaw.
  4112 | D:5      | Found an ancient bone altar of Kikubaaqudgha.
  4112 | D:5      | Found a shimmering altar of Xom.
  4467 | D:6      | Found a staircase to the Ecumenical Temple.
  4613 | D:7      | Noticed a hippogriff
  4644 | D:7      | Killed a hippogriff
  4644 | D:7      | Reached skill level 5 in Fire Magic
  4755 | D:7      | Reached skill level 1 in Evocations
  4891 | D:7      | Reached XP level 9. HP: 54/62 MP: 8/13
  4997 | D:7      | Offered knowledge of Throw Frost by Vehumet.
  5008 | D:7      | Learned a level 2 spell: Throw Frost
  5030 | D:7      | Found a shadowy altar of Dithmenos.
  5380 | D:8      | Reached *** piety under Vehumet
  5496 | D:8      | Reached skill level 7 in Conjurations
  5662 | D:8      | Offered knowledge of Iskenderun's Mystic Blast by Vehumet.
  5679 | D:8      | Reached skill level 8 in Conjurations
  6212 | D:9      | Reached **** piety under Vehumet
  6239 | D:9      | Reached skill level 9 in Conjurations
  6286 | D:9      | Found an ornate altar of the Wu Jian Council.
  6547 | D:9      | Offered knowledge of Irradiate by Vehumet.
  6599 | D:9      | Found a flagged portal.
  6611 | Bailey   | Entered a bailey
  6617 | Bailey   | Noticed an orc knight
  6854 | Bailey   | Got a jewelled hand axe {chop}
  6855 | Bailey   | Identified the cursed +1 hand axe of Ashenzari {chop, MR+ SInv} (You took it off an orc in a bailey)
  6879 | Bailey   | Got an iridescent dagger
  6880 | Bailey   | Identified the +6 dagger "Wuych" {venom, *Rage rElec rN+ Stlth+} (You found it in a bailey)
  7035 | Bailey   | Killed from afar by an orc warrior

Vault maps used:
D:1:      lightli_arrival_lavapool
D:2:      lemuel_crystal_altar, tgw_trog, uniq_jessica, uniq_sigmund
D:3:      first_ration
D:4:      st_stairs_4, uniq_duvessa, uniq_natasha, uniq_eustachio
D:5:      gammafunk_temple_overflow_statue, grunt_temple_overflow_open,
          serial_shops, shop
D:6:      minmay_temple_entry_large_hall
D:7:      kennysheep_mini_moat
D:9:      lemuel_doored_altar, enter_bailey_1, roderic_roman_lattice
Bailey:   bailey_axe_4, bailey

Skill      XL: |  1  2  3  4  5  6  7  8  9 |
---------------+----------------------------+-----
Conjurations   | 2 3 4 5 6 9 |  9.8
Spellcasting   | 3 |  3.5
Short Blades   | 3 6 8 |  8.1
Fire Magic     | 5 |  5.4
Evocations     | 2 3 |  3.0
Dodging        | |  1.7
Stealth        | |  1.7

Action                   |  1- 3 |  4- 6 |  7- 9 || total
-------------------------+-------+-------+-------++-------
Melee: Dagger            |    33 |    66 |   245 ||   344
       Unarmed           |     4 |       |       ||     4
       Short sword       |     3 |       |       ||     3
       Tailslap          |     1 |     8 |    25 ||    34
 Cast: Flame Tongue      |    36 |    70 |   284 ||   390
       Conjure Flame     |       |     2 |     5 ||     7
       Magic Dart        |       |     1 |    32 ||    33
 Abil: Breathe Noxious F |       |       |     7 ||     7
       Stop Flying       |       |       |     2 ||     2
       Evoke Flight      |       |       |     2 ||     2
  Use: Scroll            |     3 |     5 |     7 ||    15
       Potion            |       |     2 |     7 ||     9
 Stab: Sleeping          |     9 |     4 |     2 ||    15
       Distracted        |       |     1 |       ||     1
       Confused          |       |       |     3 ||     3
  Eat: Chunk             |       |     7 |    15 ||    22
Armor: Skin              |    18 |    53 |   125 ||   196
Dodge: Dodged            |    35 |    89 |   179 ||   303

Table legend:
 A = Spawn XP
 B = Non-spawn XP
 C = Spawn XP percentage of total XP
 D = Spawn monster count
 E = Non-spawn monster count
 F = Spawn count percentage of total count
 G = Total turns spent on level
                    A         B        C        D         E        F      G
               +---------+---------+-------+---------+---------+-------+---------
         Total |       0 |    5490 |   0.0 |       0 |     221 |   0.0 |  7035
               +---------+---------+-------+---------+---------+-------+---------
           D:1 |       0 |      53 |   0.0 |       0 |      31 |   0.0 |   814
           D:2 |       0 |     316 |   0.0 |       0 |      28 |   0.0 |   821
           D:3 |       0 |      82 |   0.0 |       0 |      24 |   0.0 |   855
           D:4 |       0 |     986 |   0.0 |       0 |      20 |   0.0 |  1177
           D:5 |       0 |     612 |   0.0 |       0 |      22 |   0.0 |   536
           D:6 |       0 |     282 |   0.0 |       0 |      11 |   0.0 |   403
           D:7 |       0 |     605 |   0.0 |       0 |      13 |   0.0 |   623
           D:8 |       0 |    1340 |   0.0 |       0 |      39 |   0.0 |   965
           D:9 |       0 |    1023 |   0.0 |       0 |      15 |   0.0 |   417
        Bailey |       0 |     191 |   0.0 |       0 |      18 |   0.0 |   424
               +---------+---------+-------+---------+---------+-------+---------
